[Event "Czech Extraliga 2023-24"]
[Site "Czech Republic"]
[Date "2024.02.10"]
[Round "7.3"]
[White "Simacek, Pavel"]
[Black "Movsesian, Sergei"]
[Result "0-1"]
[ECO "E36"]
[WhiteElo "2456"]
[BlackElo "2604"]
[Annotator "RC"]
[PlyCount "194"]
[EventDate "2023.10.14"]
[EventCountry "CZE"]
[SourceTitle "playchess.com"]
[Source "ChessBase"]
[SourceQuality "1"]
[TimeControl "40/5400+30:1800+30"]

1. d4 Nf6 2. c4 e6 3. Nc3 Bb4 4. Qc2 d5 5. a3 Bxc3+ 6. Qxc3 O-O 7. Bg5 dxc4 8. Qxc4 b6 9. Rd1 Ba6 10. Qa4 h6 11. Bh4 Qe7 12. Nf3 Rd8 13. Bxf6 Qxf6 14. g3 Bb7 15. Bg2 c5 16. O-O Bc6 17. Qc4 Nd7 18. dxc5 Bd5 19. Qd4 Nxc5 20. b4 Na4 21. e4 Bb7 22. Qe3 Qc3 23. Qf4 Qf6 24. Qe3 Rac8 25. e5 Qe7 26. Rxd8+ Qxd8 27. Rc1 Rxc1+ 28. Qxc1 b5 29. Ne1 Bxg2 30. Nxg2 Qd4 31. Qc8+ Kh7 32. Nf4 Qa1+ 33. Kg2 Qxe5 34. Qd7 Qf5 35. Qxa7 e5 36. Ne2 Qe4+ 37. Kf1 Qh1+ 38. Ng1 Qd5 39. Qe3 Nb2 40. Qc5 Qd3+ 41. Kg2 Nc4 42. Kh1 Nxa3 43. Qxe5 Nc2 44. Qc5 Qe4+ 45. f3 Qd3 46. Qe7 f5 47. Kg2 Ne3+ 48. Kf2 Nd5 49. Qc5 Nc3 50. Qe5 Nd5 51. Ne2 Nxb4 52. Nd4 Nc6 53. Nxc6 Qc2+ 54. Ke3 Qxc6 55. Qxf5+ Kg8 56. Qe5 Qc1+ 57. Ke2 Qc2+ 58. Ke3 Qb3+ 59. Ke4 b4 60. Qd4 Qb1+ 61. Qd3 Qa2 62. Kd4 Qxh2 63. Qc4+ Kh7 64. Qxb4 Qxg3 65. Ke3 h5 66. Qe4+ Qg6 67. Qh4 Qg1+ 68. Ke2 Qg2+ 69. Ke3 Kh6 70. f4 Qg1+ 71. Kf3 Qd1+ 72. Ke3 Qg4 73. Qd8 h4 74. Qh8+ Kg6 75. Qe8+ Kh7 76. Qe4+ Kh6 77. Qc6+ Qg6 78. Qc8 Qg3+ 79. Ke4 Kh7 80. Qc5 Qg2+ 81. Kd3 Qf3+ 82. Kd2 Qxf4+ 83. Ke2 Kh6 84. Qc8 g6 85. Ke1 Qe5+ 86. Kd2 Kh5 87. Kd1 Qf5 88. Qh8+ Kg4 89. Qd4+ Qf4 90. Qg1+ Kh5 91. Qa7 h3 92. Qh7+ Qh6 93. Qd7 Qe3 94. Qh7+ Kg5 95. Qh8 Kg4 96. Qc8+ Kg3 97. Qa6 g5 0-1

[Event "Czech Extraliga 2023-24"]
[Site "Czech Republic"]
[Date "2024.02.10"]
[Round "7.3"]
[White "Hrbek, Stepan"]
[Black "Krzyzanowski, Marcin"]
[Result "0-1"]
[ECO "E11"]
[WhiteElo "2426"]
[BlackElo "2519"]
[Annotator "TA"]
[PlyCount "106"]
[EventDate "2023.10.14"]
[EventCountry "CZE"]
[SourceTitle "playchess.com"]
[Source "ChessBase"]
[SourceQuality "1"]
[TimeControl "40/5400+30:1800+30"]

1. d4 Nf6 2. c4 e6 3. Nf3 Bb4+ 4. Bd2 Qe7 5. Nc3 O-O 6. Qc2 d5 7. a3 Bxc3 8. Bxc3 {[%emt 0:00:08] Bb4 is the strong threat.} Ne4 9. e3 {[%emt 0:04:49] The position is equal.} Nxc3 10. Qxc3 b6 11. cxd5 exd5 12. Rc1 c6 13. Bd3 Bb7 14. O-O Nd7 15. Rfe1 f5 16. b4 Rae8 (16... a5 $14) 17. Qc2 Qf6 18. Qa4 Ra8 19. Ba6 Bxa6 20. Rxc6 (20. Qxa6 $14 Rfc8 21. Qb7) 20... Qf7 $11 {[%emt 0:00:00] ...Bc4 would now be deadly.} 21. Rc7 Bc8 22. Rec1 f4 ({Black should play} 22... Qg6 $15) 23. Qc6 Rb8 {[%emt 0:00:00] Black wants to play ...fxe3.} 24. Ng5 Qf5 25. Qe6+ $1 Qxe6 26. Nxe6 Re8 27. Nxf4 Nf6 28. Rxa7 Rb7 $36 {[%emt 0:00:27][%mdl 2048] Black has some pressure.} 29. Ra8 (29. Rxb7 $11 Bxb7 30. Rc7) 29... Bd7 $15 30. Rxe8+ Bxe8 31. Rc8 Kf7 32. h3 (32. h4 $15) 32... Bb5 (32... Ra7 $142 33. h4 Rxa3 34. Rc7+ Kg8) 33. h4 $17 Ra7 34. Rb8 (34. f3 $1 $15) 34... Nd7 ({Much weaker is} 34... Rxa3 $6 35. Rb7+ Ke8 36. Rxg7 $11) ({Black should try} 34... Ng4 $1 $17 35. f3 (35. Nxd5 $2 Rxa3 36. g3 Bc6 $17) 35... Nxe3 36. Rxb6 Bd7) 35. Rd8 $11 Bc4 36. a4 Nf6 $1 $17 37. Rb8 Nd7 ({Don't take} 37... Rxa4 38. Rb7+ Ke8 39. Rxg7 $11) ({Better is} 37... Ng4 $1 $17 38. f3 Nxe3 39. Rxb6 Nf5 (39... Rxa4 40. Rb7+ Ke8 41. Rxg7 $15)) 38. Rd8 $11 h6 39. a5 bxa5 $17 40. bxa5 Nf6 41. h5 (41. Kh2 $17) 41... Rxa5 $19 42. f3 {[%emt 0:01:03] Wards off Ng4} Ra1+ 43. Kf2 {[%emt 0:01:09] [#]} Rf1+ $1 44. Kg3 {[%emt 0:00:08] [#] Now White is beyond hope.} Rh1 $1 45. Ra8 Nxh5+ 46. Nxh5 Rxh5 {[%emt 0:00:04][%mdl 4096] Endgame. KRB-KR} 47. Kf4 Rh2 48. g4 $2 (48. Kg3 Rh1 49. Rc8) 48... Rf2 {[%emt 0:01:00] White must now prevent ...Be2.} 49. e4 dxe4 50. Kxe4 Re2+ 51. Kf4 Kf6 52. Rf8+ Bf7 53. Rh8 (53. Rd8 $19) 53... Re8 {[%emt 0:01:00] Weighted Error Value: White=0.41/Black=0.16 (very precise) .  Mistake:       	White=9     	Black=5      Inaccurate:     	White=4     	Black=1      OK:         	White=10    	Black=23     Best:        	White=6     	Black=6      Strong:       	White=1     	Black=3} 0-1

[Event "Czech Extraliga 2023-24"]
[Site "Czech Republic"]
[Date "2024.02.10"]
[Round "7.4"]
[White "Krejci, Jan"]
[Black "Vrolijk, Liam"]
[Result "1-0"]
[ECO "D02"]
[WhiteElo "2530"]
[BlackElo "2573"]
[Annotator "RC"]
[PlyCount "121"]
[EventDate "2023.10.14"]
[EventCountry "CZE"]
[SourceTitle "playchess.com"]
[Source "ChessBase"]
[SourceQuality "1"]
[TimeControl "40/5400+30:1800+30"]

1. d4 Nf6 2. Nf3 d5 3. Bf4 c5 4. e3 Nc6 5. c3 Qb6 6. Qb3 c4 7. Qc2 Bf5 8. Qc1 h6 9. Nbd2 Qd8 10. Ne5 e6 11. b3 cxb3 12. Nxc6 bxc6 13. axb3 Be7 14. Ba6 Qb6 15. c4 Bb4 16. c5 Bxd2+ 17. Qxd2 Qxb3 18. O-O O-O 19. Qa2 Bc2 20. Qa5 Rfe8 21. Ra3 Qb2 22. Rfa1 Bg6 23. R3a2 Qb3 24. Qa3 Qxa3 25. Rxa3 Re7 26. Rb3 Ne4 27. Bb7 Rd8 28. Bxc6 e5 29. Bxe5 Nxc5 30. Rb8 Rxb8 31. Bxb8 Nd7 32. Bxa7 Nf6 33. Bb8 Re6 34. Rc1 Bd3 35. Be5 Bc4 36. Ba4 Ra6 37. Bc2 Ne4 38. Bxe4 dxe4 39. f3 Bd5 40. Rc8+ Kh7 41. Rc5 Bb7 42. Rc7 Bd5 43. Rc5 Bb7 44. d5 f6 45. Bc3 exf3 46. gxf3 Ra8 47. Rb5 Ba6 48. Ra5 Bb7 49. Rxa8 Bxa8 50. e4 Kg8 51. Kf2 Kf7 52. Ke3 g5 53. Kd4 Bb7 54. Kc5 Bc8 55. Kc6 Bh3 56. d6 Ke8 57. Bxf6 Bd7+ 58. Kc7 Ba4 59. Bg7 h5 60. Bf6 g4 61. f4 1-0

[Event "Czech Extraliga 2023-24"]
[Site "Czech Republic"]
[Date "2024.02.10"]
[Round "7.4"]
[White "LIN4 Petr Martin GM"]
[Black "NOV6 Grandelius Nils GM"]
[Result "0-1"]
[ECO "E14"]
[WhiteElo "2472"]
[BlackElo "2689"]
[Annotator "TA"]
[PlyCount "106"]
[EventDate "2023.10.14"]
[EventCountry "CZE"]
[SourceTitle "playchess.com"]
[Source "ChessBase"]
[SourceQuality "1"]
[TimeControl "40/5400+30:1800+30"]

1. Nf3 d5 2. d4 Nf6 3. c4 e6 4. e3 b6 5. b3 Bb7 6. Bd3 Bd6 7. O-O O-O 8. Nc3 a6 9. Bb2 Nbd7 10. Rc1 Qe7 11. cxd5 exd5 12. Ne2 Ne4 13. Rc2 Rae8 14. Qc1 c5 15. dxc5 {[%emt 0:16:59] The position is equal.} bxc5 16. Bxe4 Qxe4 17. Ng3 Qe6 18. Qa1 f6 19. Re1 a5 20. Qc1 a4 21. Ba3 axb3 22. axb3 Rc8 23. Rc3 (23. Qd2 $15) 23... Rfe8 $17 24. Rd1 {[%emt 0:01:46] [#] Loses the game.} (24. h3 $17) 24... d4 $1 $19 25. exd4 cxd4 26. Nxd4 Qd5 27. Nc6 Bxa3 $40 {[%emt 0:00:07][%mdl 128] Black goes for the king. This pair of bishops is nice.} 28. Ne7+ Bxe7 29. Rxd5 Rxc3 30. Qd2 Bxd5 (30... Rxb3 31. Rxd7 Rb1+ 32. Nf1 $14) 31. Qxc3 (31. Qxd5+ $2 Kf8 32. Qd2 (32. Qxd7 $2 Rd8 $19) 32... Bb4 $19 (32... Rxb3 $2 33. h3 $19) (32... Rc7 $2 33. h4 $19)) 31... Be6 32. b4 Rb8 33. Qc6 Rb6 34. Qa8+ Kf7 35. Qe4 g6 (35... Rxb4 36. Qxh7 Rc4 37. h3 $17) 36. h3 Rxb4 37. Qe3 Bd6 38. Qd3 Be5 39. Ne2 Nc5 {[%emt 0:00:38] Black is clearly winning.} 40. Qc2 Rc4 41. Qd2 Ra4 {[%emt 0:08:36] White must now prevent ...Ra1+.} 42. f4 Bc7 43. Nd4 (43. Qc1 $142 Bd6 44. Kh2) 43... Ne4 44. Qb2 {[%emt 0:00:00] Wards off Ra1+. And now Nxe6 would win.} Bd5 {[%emt 0:00:13][%cal Oa4a2] Hoping for ...Ra2!} ({Not} 44... Bxf4 45. Nxe6 (45. Qb7+ $2 Kg8 $19) 45... Be3+ 46. Kh2 $11) 45. Nc2 {[%emt 0:00:00] Qb5 is the strong threat.} Bd6 ({And not} 45... Bxf4 46. Qb5 Nc3 47. Qd7+ Kg8 48. Qc8+ Kg7 49. Qxc3 $11) 46. Qb5 Nc5 47. Qb6 Ra6 ({Worse is} 47... Bxf4 48. Qxc5 Be6 49. Ne1 $11) 48. Qd8 Kg7 49. g4 Bf7 {[%emt 0:01:28][%cal Oc5e4] Threatens to win with ...Ne4!} 50. g5 fxg5 51. fxg5 Ne6 52. Qf6+ Kg8 53. h4 Ra4 {[%emt 0:00:30] Weighted Error Value: White=0.38/Black=0.18 (very precise) .  Mistake:       	White=3     	---        Inaccurate:     	White=2     	Black=1      OK:         	White=15    	Black=22     Best:        	White=2     	Black=3      Brilliant:      	---       	Black=1} 0-1

[Event "Czech Extraliga 2023-24"]
[Site "Czech Republic"]
[Date "2024.02.10"]
[Round "7.4"]
[White "Cvek, Robert"]
[Black "Janik, Igor"]
[Result "1/2-1/2"]
[ECO "A30"]
[WhiteElo "2450"]
[BlackElo "2505"]
[Annotator "TA"]
[PlyCount "139"]
[EventDate "2023.10.14"]
[EventCountry "CZE"]
[SourceTitle "playchess.com"]
[Source "ChessBase"]
[SourceQuality "1"]
[TimeControl "40/5400+30:1800+30"]

1. Nf3 Nf6 2. c4 c5 3. g3 Nc6 4. Bg2 d6 5. d4 cxd4 6. Nxd4 {[%emt 0:00:13] A30: Symmetrical English: Double Fianchetto and Hedgehog.} Bd7 7. O-O g6 8. b3 Bg7 9. Bb2 h5 10. Nc3 Qc8 11. Nxc6 $146 ({Predecessor:} 11. h4 Bh3 12. Rc1 O-O 13. Nd5 Re8 14. Nxc6 bxc6 15. Nxf6+ exf6 16. e3 Bxg2 17. Kxg2 {1-0 Sviridov,V (2562)-Makarian,R (2474) Titled Tuesday intern op 14th Sept blitz 2021 (6)}) 11... Bxc6 12. Nd5 Bxd5 13. Bxd5 h4 14. Bg2 hxg3 15. hxg3 Rb8 16. e3 Kf8 17. Rc1 b6 18. Bxf6 Bxf6 19. Qf3 Kg7 20. Rfd1 Qa6 21. a4 Rbc8 22. Rd5 Rc5 23. Qd1 Qa5 24. Qe1 Rxd5 25. Bxd5 Qc5 26. b4 Qc7 27. b5 Qc5 28. Qd1 Qa3 29. Rb1 Rc8 30. Bc6 Qc3 31. Qb3 Qe5 32. Kg2 a5 33. Rh1 Qc5 34. Rd1 Qh5 35. Rh1 Qe2 36. Rh3 Qd2 37. Rh1 Qb4 38. Rb1 Qc5 39. Rh1 Rd8 40. Qa2 e6 41. Rd1 Qf5 42. Qb1 Qg4 43. Qc2 Qh5 44. Rh1 Qc5 45. Qa2 Qb4 46. Rb1 Qc3 47. Qb3 Qe5 48. Bf3 Rc8 49. Bc6 Rh8 50. Rh1 Rxh1 51. Kxh1 Qa1+ 52. Kg2 Bc3 53. Qc2 Bb4 54. Bf3 Bc5 55. Bc6 Qe5 56. Bf3 f5 57. Bc6 g5 58. Bb7 g4 59. Bc6 Kf7 60. e4 f4 61. gxf4 Qxf4 62. e5 Qh6 63. Qd3 dxe5 64. Qd7+ Be7 65. Qe8+ ({Of course not} 65. c5 Qh3+ 66. Kg1 g3 67. fxg3 (67. Qe8+ $2 Kf6 $19) 67... Kf6 $17 (67... Qxg3+ 68. Kf1 $11)) 65... Kf6 66. Be4 Bc5 67. Qd8+ Kf7 68. Qc7+ Kf6 69. Qd8+ Kf7 70. Qc7+ 1/2-1/2

[Event "Czech Extraliga 2023-24"]
[Site "Czech Republic"]
[Date "2024.02.10"]
[Round "7.4"]
[White "Stalmach, Richard"]
[Black "Ponizil, Cyril"]
[Result "1-0"]
[ECO "A41"]
[WhiteElo "2433"]
[BlackElo "2467"]
[Annotator "RC"]
[PlyCount "107"]
[EventDate "2023.10.14"]
[EventCountry "CZE"]
[SourceTitle "playchess.com"]
[Source "ChessBase"]
[SourceQuality "1"]
[TimeControl "40/5400+30:1800+30"]

1. d4 d6 2. Nf3 g6 3. c4 Bg7 4. Nc3 e5 5. g3 Nc6 6. dxe5 Nxe5 7. Nxe5 Bxe5 8. Bg2 Ne7 9. h4 O-O 10. h5 c6 11. Bf4 Nf5 12. Qd2 Be6 13. g4 Nh4 14. Be4 Bxf4 15. Qxf4 g5 16. Qd2 Qf6 17. O-O-O h6 18. f4 Bxc4 19. fxg5 hxg5 20. Rdf1 Qe7 21. Bc2 d5 22. b3 Ba6 23. Rf2 Rae8 24. e4 d4 25. Qxd4 Qe5 26. Qe3 f6 27. Rd1 Re7 28. Kb1 b6 29. Ne2 Bc8 30. Nd4 Bd7 31. Qe2 c5 32. Nb5 Qg3 33. Rdf1 Bxg4 34. Qd2 Rd7 35. Rxf6 Rxf6 36. Qxg5+ Rg7 37. Qxf6 Bxh5 38. Qd8+ Kh7 39. Rh1 Rg4 40. Qe7+ Kg8 41. Rd1 Rg7 42. Qd8+ Kh7 43. Rh1 Rg5 44. Nc7 Qe3 45. e5+ Ng6 46. Qd7+ Kh6 47. Ne6 Qxe5 48. Nxg5 Kxg5 49. Qh7 Nf4 50. Rg1+ Kf6 51. Qxa7 Ne6 52. Rf1+ Nf4 53. Qxb6+ Kf7 54. Qh6 1-0

[Event "Czech Extraliga 2023-24"]
[Site "Czech Republic"]
[Date "2024.02.10"]
[Round "7.4"]
[White "Jurcik, Marian"]
[Black "Volosin, Leon"]
[Result "1/2-1/2"]
[ECO "D36"]
[WhiteElo "2404"]
[BlackElo "2400"]
[Annotator "RC"]
[PlyCount "136"]
[EventDate "2023.10.14"]
[EventCountry "CZE"]
[SourceTitle "playchess.com"]
[Source "ChessBase"]
[SourceQuality "1"]
[TimeControl "40/5400+30:1800+30"]

1. c4 e6 2. Nc3 d5 3. d4 Nf6 4. cxd5 exd5 5. Bg5 Be7 6. e3 O-O 7. Bd3 c6 8. Qc2 h6 9. Bf4 Bd6 10. Nge2 Re8 11. h3 a5 12. g4 Bxf4 13. Nxf4 Na6 14. Bxa6 Rxa6 15. O-O-O Ne4 16. Nxe4 dxe4 17. Kb1 Be6 18. Rdg1 a4 19. h4 g6 20. g5 h5 21. Rc1 Ra5 22. Qc3 Rb5 23. Qa3 Qa5 24. Rc3 Rf5 25. Rhc1 Rxf4 26. exf4 Qf5 27. Rc5 Qxf4 28. Qe3 Qxe3 29. fxe3 Bd5 30. Ra5 b5 31. Ra7 Kf8 32. Rf1 Re7 33. Ra8+ Re8 34. Rxe8+ Kxe8 35. Rf4 Ke7 36. Kc2 Bxa2 37. Rxe4+ Kd6 38. Re5 b4 39. Ra5 Bb3+ 40. Kd3 Kc7 41. e4 Kb6 42. Ra8 Kb7 43. Ra5 Kb6 44. Rc5 Be6 45. Kd2 Bb3 46. Kc1 Be6 47. Re5 Bb3 48. Rc5 Be6 49. Re5 Bb3 50. d5 cxd5 51. exd5 a3 52. bxa3 bxa3 53. Re3 Bxd5 54. Rxa3 Kc5 55. Kd2 Kd4 56. Ra4+ Ke5 57. Ke3 f5 58. gxf6 Kxf6 59. Kf4 Be6 60. Ra6 Kf7 61. Ke5 Bf5 62. Ra7+ Kg8 63. Kf6 Kh8 64. Kg5 Kg8 65. Kh6 Kf8 66. Rg7 Be4 67. Rxg6 Bxg6 68. Kxg6 Kg8 1/2-1/2

[Event "Czech Extraliga 2023-24"]
[Site "Czech Republic"]
[Date "2024.02.10"]
[Round "7.4"]
[White "Shagbazyan, Taron"]
[Black "Finek, Vaclav"]
[Result "1/2-1/2"]
[ECO "D45"]
[WhiteElo "2403"]
[BlackElo "2416"]
[Annotator "TA"]
[PlyCount "85"]
[EventDate "2023.10.14"]
[EventCountry "CZE"]
[SourceTitle "playchess.com"]
[Source "ChessBase"]
[SourceQuality "1"]
[TimeControl "40/5400+30:1800+30"]

1. d4 d5 2. c4 c6 3. Nf3 Nf6 4. Nc3 e6 5. e3 Nbd7 6. Qc2 Bd6 7. b3 O-O 8. Be2 b6 9. O-O Bb7 10. Bb2 Qe7 11. Rac1 Rac8 12. Rfd1 Rfd8 13. Qb1 a6 14. a4 h6 15. cxd5 exd5 16. Bd3 c5 17. Bf5 Rc7 18. Bh3 c4 19. Nd2 cxb3 20. Nxb3 Nf8 21. Nd2 Ne6 22. Nf3 Ne4 23. Nxe4 dxe4 24. Ne5 Bxe5 (24... Bd5 {with more complications.} 25. Bf5 Rxc1 26. Rxc1 Qb7) 25. dxe5 Rxc1 26. Qxc1 Rxd1+ 27. Qxd1 Bc6 28. Bxe6 Qxe6 $11 {[%mdl 4096] Endgame. KQB-KQB} 29. h3 Qd7 30. Qxd7 Bxd7 {KB-KB} 31. Bd4 Bxa4 32. Bxb6 Bd7 33. Kf1 Bb5+ 34. Ke1 g5 35. Bd8 Kh7 36. h4 gxh4 37. e6 h3 (37... fxe6 {simplifies} 38. Bxh4 a5 39. Be7 Kg6) 38. exf7 Kg7 (38... hxg2 {seems wilder.} 39. f8=Q g1=Q+ 40. Kd2 Qg7) 39. gxh3 {The position is equal.} Kxf7 40. Kd2 Ke6 41. Kc3 Kd5 42. Kb4 h5 43. h4 {Weighted Error Value: White=0.08 (flawless) /Black=0.09 (flawless) .  Inaccurate:     	White=4     	Black=4      OK:         	White=9     	Black=7      Best:        	White=3     	---} 1/2-1/2

[Event "Czech Extraliga 2023-24"]
[Site "Czech Republic"]
[Date "2024.02.10"]
[Round "7.5"]
[White "NOV8 Shirov Alexei GM"]
[Black "LIN8 Smolik Jachym FM"]
[Result "1/2-1/2"]
[ECO "B12"]
[WhiteElo "2655"]
[BlackElo "2339"]
[Annotator "TA"]
[PlyCount "102"]
[EventDate "2023.10.14"]
[EventCountry "CZE"]
[SourceTitle "playchess.com"]
[Source "ChessBase"]
[SourceQuality "1"]
[TimeControl "40/5400+30:1800+30"]

1. e4 c6 2. d4 d5 3. e5 Bf5 4. h4 h5 5. Bd3 Bxd3 6. Qxd3 {[%emt 0:00:04] B12: Caro-Kann: Advance Variation.} Qa5+ 7. Nd2 e6 8. Ngf3 Nh6 9. O-O Nf5 10. Nb3 Qb5 11. Qd1 c5 12. a4 Qb6 13. dxc5 Bxc5 14. a5 Qb5 15. Nxc5 Qxc5 16. b3 Nd7 $146 ({Predecessor:} 16... Nc6 17. Ra4 O-O-O 18. Bg5 Rd7 19. a6 b5 20. Rf4 Kb8 21. Qd3 Rc8 22. Rxf5 exf5 23. Qxf5 {1-0 Shirov,A (2655)-Abdrlauf,E (2568) FIDE Grand Swiss 2023 (5)}) 17. c4 dxc4 18. bxc4 Rc8 19. a6 b6 20. Ba3 Qc7 21. Qa4 Qc6 $1 22. Qb5 Rh6 (22... Nc5 $6 23. Rfd1 $14) 23. Rfd1 Rg6 24. Rd3 Rg4 25. Rad1 Qxb5 $1 26. cxb5 Rc7 27. Ng5 (27. g3 {simplifies} Rgc4 28. Kg2 Rc3 29. Bb4) 27... Nxh4 (27... Nxe5 28. Rd8#) 28. Nxf7 Rxg2+ 29. Kf1 Rh2 $1 30. Nd6+ Kd8 $1 31. Kg1 Rg2+ 32. Kh1 (32. Kf1 $5 Rh2 $8 (32... Rc2 $2 33. Ne4 $18) 33. Nf7+ Ke8 34. Nd6+ Kd8 $16) 32... Rxf2 (32... Nxe5 $2 33. Nf7+ Ke8 34. Nxe5 $18) 33. Ne4 Ra2 (33... Re2 $11 34. Ng3 Rf2 (34... Rxe5 $2 35. Bd6 $16)) 34. Ng5 $14 Ke8 35. Nxe6 Rcc2 36. Nxg7+ Kf7 37. e6+ $1 (37. Rxd7+ $2 {too greedy.} Kg8 $19) 37... Kg8 $1 38. Bd6 (38. exd7 $2 {gets mated.} Rh2+ (38... Kxg7 39. Rg3+ Kf7 40. d8=Q Rh2+ 41. Kg1 Rhg2+ 42. Rxg2 Rxg2+ 43. Kh1) 39. Kg1 Rag2+ 40. Kf1 Rh1#) 38... Nf6 39. Nxh5 ({Not} 39. Rg1 $2 Ng4 40. Rgd1 Nf2+ (40... Kxg7 $2 41. Bg3 $19) 41. Kh2 Nxd1+ $19 (41... Nxd3+ $2 42. Kh3 $19)) 39... Ne4 40. Bg3 Nf5 41. e7 Nexg3+ 42. Nxg3 Rh2+ 43. Kg1 Rhg2+ 44. Kf1 Rgf2+ 45. Ke1 Kf7 46. e8=Q+ Kxe8 47. Rd8+ Kf7 48. R1d7+ Ke6 49. Nxf5 Rxf5 50. Rd6+ Ke7 51. R8d7+ Ke8 1/2-1/2

[Event "Czech Extraliga 2023-24"]
[Site "Czech Republic"]
[Date "2024.02.10"]
[Round "7.5"]
[White "Vykouk, Jan"]
[Black "Polak, Tomas"]
[Result "0-1"]
[ECO "B01"]
[WhiteElo "2493"]
[BlackElo "2525"]
[Annotator "RC"]
[PlyCount "144"]
[EventDate "2023.10.14"]
[EventCountry "CZE"]
[SourceTitle "playchess.com"]
[Source "ChessBase"]
[SourceQuality "1"]
[TimeControl "40/5400+30:1800+30"]

1. e4 d5 2. exd5 Qxd5 3. Nf3 Bg4 4. Nc3 Qe6+ 5. Qe2 Qxe2+ 6. Bxe2 Nc6 7. Nd5 O-O-O 8. Ne3 Bd7 9. d4 e6 10. c3 Nf6 11. O-O Be7 12. b4 Nd5 13. Bb2 Nf4 14. Bc4 Be8 15. g3 Nd5 16. Rfe1 Nxe3 17. fxe3 Bd6 18. e4 e5 19. d5 Ne7 20. Bb3 f6 21. a3 Kb8 22. c4 c5 23. Bc3 Rc8 24. Kg2 Bd7 25. Re3 Ka8 26. Bd2 Rc7 27. Ne1 h5 28. Nd3 b6 29. Ree1 Rb8 30. a4 cxb4 31. a5 Kb7 32. axb6 axb6 33. Bxb4 Nc8 34. Bd2 Ra8 35. Rab1 Ba4 36. Nc1 Kb8 37. Ba2 Bc5 38. Bb4 Bd7 39. Re2 Bxb4 40. Rxb4 Ra4 41. Rxa4 Bxa4 42. Rb2 Ka7 43. Ne2 Nd6 44. Kf3 Bd1 45. Rd2 Bxe2+ 46. Rxe2 Kb7 47. Rc2 Rc5 48. Bb3 Ra5 49. Re2 Ra3 50. Re3 Ka6 51. g4 hxg4+ 52. Kxg4 Ka5 53. Rd3 Kb4 54. Bc2 Rxd3 55. Bxd3 Kc3 56. Bf1 g6 57. h4 Nxe4 58. h5 f5+ 59. Kh4 gxh5 60. Kxh5 Nd6 61. Kg5 f4 62. Kg4 Kd4 63. Kf3 Kc5 64. Kg4 Nb7 65. Kf5 Kd6 66. Ke4 Nc5+ 67. Kf5 Nb3 68. Kg4 Nd4 69. Bd3 Nb3 70. Bf1 Nd2 71. Be2 Ke7 72. Kf5 f3 0-1

[Event "Czech Extraliga 2023-24"]
[Site "Czech Republic"]
[Date "2024.02.10"]
[Round "7.5"]
[White "Ftacnik, Lubomir"]
[Black "Nemec, Jachym"]
[Result "1-0"]
[ECO "D38"]
[WhiteElo "2438"]
[BlackElo "2393"]
[Annotator "TA"]
[PlyCount "81"]
[EventDate "2023.10.14"]
[EventCountry "CZE"]
[SourceTitle "playchess.com"]
[Source "ChessBase"]
[SourceQuality "1"]
[TimeControl "40/5400+30:1800+30"]

1. Nf3 d5 2. d4 Nf6 3. c4 e6 4. Nc3 Nbd7 5. Bg5 Bb4 6. e3 c5 7. cxd5 exd5 8. Bd3 Qa5 9. Qc2 c4 10. Bf5 O-O 11. O-O Re8 12. Nd2 g6 13. Bxd7 Nxd7 14. f3 Nb6 15. h4 Bf8 16. a3 Bg7 {[%emt 0:11:47] The position is equal.} 17. b4 cxb3 (17... Qa6 $11 {remains equal.}) 18. Nxb3 $16 Qa6 19. Nc5 Qc4 {[%emt 0:03:00] [#]} 20. Qd2 $1 {[%emt 0:00:57] Rab1 is the strong threat.} Nd7 21. Nd3 {[%emt 0:01:52] And now Rab1 would win.} Nb6 22. Rfc1 Bf5 23. Nc5 {[%emt 0:01:51][%cal Og2g4] A dynamic duo of knights.} Rac8 24. g4 Be6 25. Rab1 (25. Nxb7 $6 Qc7 26. Nc5 Nc4 $11) 25... Rxc5 26. dxc5 Qxc5 {[%emt 0:00:09][%cal Ob6c4] [#]} 27. Ne4 $1 $36 {[%emt 0:00:58][%mdl 2048] Keeping Black busy.} Qxa3 28. Nf6+ Bxf6 29. Bxf6 Nc4 {[%emt 0:00:53] [#] Prevents Bb2} 30. Qd4 {[%emt 0:01:37][%mdl 1024] White has strong compensation.} b6 31. Ra1 Qd6 32. Kg2 {[%emt 0:04:09][%cal Oc1c4] Inhibits Qg3+.} (32. Rxa7 $2 Qg3+ 33. Kh1 Qxf3+ 34. Kh2 Nxe3 $19 (34... Qxe3 35. Qxe3 Nxe3 36. g5 $15)) 32... Qc7 (32... Nxe3+ $1 $14 33. Qxe3 Bd7) 33. Bg5 a5 34. Bh6 f6 35. Qxf6 Qf7 36. Qd4 {[%emt 0:02:05] Hoping for Rab1. Dancing on a razor blade. White is more active.} Ra8 $2 {[%emt 0:02:35] [#]} (36... Bd7 $16 37. Rh1 (37. e4 Bc6 $18) 37... Re6) 37. h5 $1 b5 (37... Rc8 {keeps fighting.} 38. Rh1 g5) 38. Rh1 {[%emt 0:00:08] hxg6 would now be deadly.} b4 $2 (38... g5 39. Rhc1 (39. Bxg5 Rf8 $18) 39... Rc8) 39. hxg6 $18 {[%emt 0:01:53] White is clearly winning.} Qxg6 40. Rh5 Kf7 41. Rah1 {[%emt 0:12:32] White took control after the opening.   Weighted Error Value: White=0.23 (precise) /Black=0.33.  Loses game:     	---       	Black=1      Mistake:       	---       	Black=4      Inaccurate:     	White=3     	---        OK:         	White=11    	Black=12     Best:        	White=2     	Black=4      Strong:       	White=1     	---} 1-0

[Event "Czech Extraliga 2023-24"]
[Site "Czech Republic"]
[Date "2024.02.10"]
[Round "7.5"]
[White "Miesbauer, Jan"]
[Black "Rydl, Jiri"]
[Result "1-0"]
[ECO "C10"]
[WhiteElo "2392"]
[BlackElo "2397"]
[Annotator "TA"]
[PlyCount "55"]
[EventDate "2023.10.14"]
[EventCountry "CZE"]
[SourceTitle "playchess.com"]
[Source "ChessBase"]
[SourceQuality "1"]
[TimeControl "40/5400+30:1800+30"]

1. e4 e6 2. d4 d5 3. Nd2 dxe4 4. Nxe4 Nd7 5. Nf3 Ngf6 6. Nxf6+ Nxf6 7. Ne5 Nd7 8. Bf4 (8. Be2 {simplifies} Nxe5 9. dxe5 Qxd1+ 10. Bxd1 Bc5 11. c3) 8... Bd6 (8... Nxe5 $11 9. Bxe5 Bd7) 9. Qh5 {[%emt 0:02:06][%csl Ge5][%cal Rh5f7] [#]} O-O {[%emt 0:10:43] White is slightly better.} 10. Bd3 f5 11. O-O-O $40 {[%emt 0:02:25][%mdl 128] White is out for blood. White is much more active.} Bxe5 12. dxe5 {[%emt 0:01:03] g4 is the strong threat.} Qe7 13. h4 Nb6 14. Bg5 Qf7 {[%emt 0:05:40] Black is weak on the dark squares} 15. Qe2 Bd7 16. h5 h6 17. Bd2 Bc6 18. Rh3 f4 (18... Rad8 $16 {might work better.}) 19. Rg1 $18 {[%emt 0:04:45] aiming for g4.} Kh8 (19... Qe7 $142 20. Qg4 Nd7) 20. g4 {[%emt 0:02:48] Hoping for g5.} Qe7 {[%emt 0:15:40] [#]} 21. g5 $1 hxg5 22. Bg6 Be8 23. Qe4 {[%emt 0:01:32] Black must now prevent h6.} Rf5 24. Rh2 (24. Bxf5 exf5 25. Qxb7 (25. Qxf5 Bd7 $18) 25... g4) 24... Bc6 $2 (24... a5 25. Bxf5 Bc6) 25. Qe2 {[%emt 0:00:53][%cal Oh5h6] And now h6! would win.} Qf8 (25... f3 $142 26. Qe1 Nc4) 26. h6 {[%emt 0:00:50] White wants to mate with hxg7+.} gxh6 27. Bxf5 exf5 28. Rxg5 {[%emt 0:00:27] Weighted Error Value: White=0.06 (flawless) /Black=0.44.  Mistake:       	---       	Black=5      Inaccurate:     	---       	Black=1      OK:         	White=10    	Black=2      Best:        	White=1     	Black=3      Brilliant:      	White=1     	---} (28. Qh5 $142 Re8 29. Qxg5 (29. Qxh6+ Qxh6 30. Rxh6+ Kg7 $18) (29. Qg6 Qg7 $18) 29... Re6 30. Bb4 (30. Qxf4 Be8 $18) 30... Qf7 31. Rxh6+ (31. Qxf4 Kh7 $18) 31... Rxh6 32. Qxh6+ Qh7 33. Qf8+ Qg8 34. Qxg8#) 1-0